 Dungeon Sprint DCSS version 0.26.1-2-gb8aa6d0cf2 (webtiles) character file.

Game seed: 1651421990799627378

793 howech the Magician (level 7, -6/58 HPs)
             Began as a Gnoll Fire Elementalist on Mar 11, 2021.
             Was a Priest of Okawaru.
             Mangled by a merfolk
             ... wielding a +0 trident
              (12 damage)
             ... in the Dungeon (Sprint V: "Ziggurat Sprint").
             The game lasted 00:02:56 (278 turns).

howech the Magician (Gnoll Fire Elementalist)        Turns: 278, Time: 00:02:57

Health: -6/58      AC: 15    Str: 10    XL:     7   Next: 88%
Magic:  18/18      EV:  6    Int: 20    God:    Okawaru [***...]
Gold:   0          SH: 29    Dex: 27    Spells: 20/21 levels left

rFire    + + .     SeeInvis .   I - +7 Screaming Sword {vorpal, sonic wave}
rCold    x . .     Faith    .   H - +18 shield of the Gong {rElec rN+ Will+ EV-5}
rNeg     + . .     Spirit   .   b - +5 fire dragon scales
rPois    .         Reflect  .   (no helmet)
rElec    +         Harm     .   (no cloak)
rCorr    .         Rampage  .   (no gloves)
Will     +....     NoTele   +   (no boots)
Stlth    +++.......             (no amulet)
HPRegen  0.19/turn              x - +6 ring of dexterity
MPRegen  0.16/turn              y - +6 ring of dexterity

@: no status effects
A: distributed training, fangs 1, strong nose
a: Renounce Religion, Heroism


You were in the Dungeon.
You worshipped Okawaru.
Okawaru was most pleased with you.
You visited 1 branch

Inventory:

Hand Weapons
 l - a +0 vorpal hand axe
 E - a +5 broad axe
 F - a +5 executioner's axe
 G - the +6 Majin-Bo {vamp, MP+6 Int+6}
   (You found it in the Dungeon)

   It inflicts no extra harm, but heals its wielder when it wounds a living foe.
   It affects your intelligence (+6).
   It affects your magic capacity (+6).
 I - the +7 Screaming Sword (weapon) {vorpal, sonic wave}
   (You found it in the Dungeon)

   It inflicts extra damage upon your enemies.
Armour
 a - a +0 robe
 b - +5 fire dragon scales (worn)
 H - the +18 shield of the Gong (worn) {rElec rN+ Will+ EV-5}
   (You found it in the Dungeon)

   It affects your evasion (-5).
   It insulates you from electricity.
   It protects you from negative energy.
   It affects your willpower, your defense against some magical effects.
Jewellery
 w - an uncursed ring of flight
 x - a +6 ring of dexterity (left hand)
 y - a +6 ring of dexterity (right hand)
 z - a +6 ring of intelligence
 A - a +6 ring of intelligence
 B - a +6 ring of strength
 C - a +6 ring of strength
Wands
 t - a wand of disintegration (7)
 u - a wand of iceblast (7)
 v - a wand of acid (7)
Scrolls
 h - 4 scrolls of blinking
 n - 4 scrolls of amnesia
 o - 7 scrolls of fog
 p - a scroll of holy word
 q - 5 scrolls of identify
 r - 5 scrolls of remove curse
 s - 2 scrolls of fear
Potions
 c - 10 potions of curing
 d - 10 potions of heal wounds
 e - 10 potions of haste
 f - 7 potions of magic
 g - 3 potions of berserk rage
 i - 2 potions of brilliance
 j - a potion of invisibility
 k - 4 potions of resistance
 m - 5 potions of might
Miscellaneous
 D - a lightning rod (4/4)


   Skills:
 + Level 6.0 Fighting
 + Level 6.0 Short Blades
 + Level 6.0 Long Blades
 + Level 6.0 Axes
 + Level 6.0 Maces & Flails
 + Level 6.0 Polearms
 + Level 6.0 Staves
 + Level 6.0 Slings
 + Level 6.0 Bows
 + Level 6.0 Crossbows
 + Level 6.0 Throwing
 + Level 6.0 Armour
 + Level 7.6 Dodging
 + Level 7.4 Stealth
 + Level 6.0 Shields
 + Level 6.0 Unarmed Combat
 + Level 7.9 Spellcasting
 + Level 5.5 Conjurations
 + Level 5.0 Hexes
 + Level 5.0 Summonings
 + Level 5.0 Necromancy
 + Level 5.0 Translocations
 + Level 5.0 Transmutations
 + Level 7.5 Fire Magic
 + Level 5.0 Ice Magic
 + Level 5.0 Air Magic
 + Level 5.0 Earth Magic
 + Level 5.0 Poison Magic
 + Level 6.6 Invocations
 + Level 6.0 Evocations


You had 20 spell levels left.
You knew the following spells:

 Your Spells              Type           Power        Failure   Level
a - Foxfire               Conj/Fire      100%         16%         1

Your spell library contained the following spells:

 Spells                   Type           Power        Failure   Level
 Conjure Flame            Conj/Fire      34%          41%         3
 Inner Flame              Hex/Fire       33%          45%         3
 Sticky Flame             Conj/Fire      34%          83%         4
 Fireball                 Conj/Fire      17%          99%         5
 Irradiate                Conj/Tmut      14%          100%        5
 Hydra Form               Tmut           14%          100%        6
 Statue Form              Tmut/Erth      18%          100%        6
 Dragon Form              Tmut           14%          100%        7


Dungeon Overview and Level Annotations

Branches:
Dungeon (1/1)

Altars:
Ashenzari
Cheibriados
Dithmenos
Elyvilon
Fedhas
Gozag
Hepliaklqana
Kikubaaqudgha
Makhleb
Nemelex Xobeh
Okawaru
Qazlal
Ru
Sif Muna
Trog
Uskayaw
Vehumet
Wu Jian
Xom
Yredelemnul
Zin
The Shining One
Beogh
Jiyva
Lugonu

Annotations:
D 1 transporter


Innate Abilities, Weirdness & Mutations

Your experience applies equally to all skills.
You have very sharp teeth.
Your uncanny sense of smell can sniff out nearby items.


Message History

Unknown command.
You hit the merfolk but do no damage. You bite the merfolk, but do no damage.
The merfolk is almost dead.
You block the merfolk's attack.
BONNNG!
You block the merfolk's attack.
GONNNNG!
The merfolk hits you from afar with a +0 trident!
* * * LOW HITPOINT WARNING * * *
You block the merfolk's attack.
GONNNNG!
Unknown command.
Unknown command.
Unknown command.
You closely miss the merfolk.
The merfolk is almost dead.
You block the merfolk's attack.
GONNNNG!
The merfolk hits you from afar with a +0 trident!
You die...

▓.....▓..††.▓.....▓
▓.....▓.....▓..©..▓
▓..©..▓..©..▓▓▓▓▓▓▓
▓▓▓▓▓▓▓▓▓▓▓▓▓▓
▓..8©8...▓
▓..==|...▓ ∆∆∆
▓...:....▓ ∆ ∆
▓.mm)m...▓
▓...@....▓ ∆
▓.▓....▓.▓ ∆
▓...©....▓
▓▓▓▓▓▓▓▓▓▓ ∆∆∆∆ ∆∆∆


You could see 3 merfolk.

Vanquished Creatures
  A merfolk (D)
  3 hell hounds (D)
  A naga (D)
  A water moccasin (D)
  A crimson imp (D)
  An iron imp (D)
  2 white imps (D)
10 creatures vanquished.

Notes
Turn   | Place    | Note
-------+----------+-------------------------------------------
     0 | D        | howech the Gnoll Fire Elementalist began the quest for the
                  | Orb.
     0 | D        | Reached XP level 1. HP: 13/13 MP: 6/6
     3 | D        | Found a blossoming altar of Fedhas.
     4 | D        | Found the +6 Majin-Bo {vamp, MP+6 Int+6}
     4 | D        | Found the +9 heavy crossbow "Sniper" {vorpal, Acc+∞ SInv}
     4 | D        | Found the +10 dark maul {vorpal}
     4 | D        | Found the +15 Maxwell's patent armour {-Cast -Tele rElec
                  | Will+ rCorr}
     4 | D        | Found the +18 shield of the Gong {rElec rN+ Will+ EV-5}
     4 | D        | Found the cursed +14 obsidian axe {vorpal, +Fly SInv
                  | *Curse}
     4 | D        | Found the +7 great mace "Firestarter" {inner flame, rF++}
     4 | D        | Found the +6 shillelagh "Devastator" {shatter}
     4 | D        | Found the +11 plutonium sword {*Contam Stlth-}
     4 | D        | Found the +8 lance "Wyrmbane" {slay drac, rPois rF+ rC+
                  | AC+3}
     4 | D        | Found the +9 sword of Zonguldrok {reap}
     4 | D        | Found the cursed +13 scythe of Curses {drain, *Curse}
     4 | D        | Found the +5 sword of Power {vorpal}
     4 | D        | Found the +7 mace of Variability {chain chaos}
     4 | D        | Found the +7 Singing Sword {vorpal, sonic wave}
     4 | D        | Found the +8 storm bow {elec, penet}
     5 | D        | Found a shimmering blue altar of Sif Muna.
     5 | D        | Found a sacrificial altar of Ru.
     5 | D        | Found a bloodstained altar of Trog.
     5 | D        | Found a stormy altar of Qazlal.
     5 | D        | Found an iron altar of Okawaru.
     5 | D        | Found a sparkling altar of Nemelex Xobeh.
     7 | D        | Found a transporter.
     7 | D        | Found an ancient bone altar of Kikubaaqudgha.
     7 | D        | Found a viscous altar of Jiyva.
     7 | D        | Found a corrupted altar of Lugonu.
     7 | D        | Found a hazy altar of Hepliaklqana.
     7 | D        | Found a burning altar of Makhleb.
     7 | D        | Found an opulent altar of Gozag.
    59 | D        | Became a worshipper of Warmaster Okawaru
    67 | D        | Reached skill level 5 in Dodging
    67 | D        | Reached skill level 5 in Spellcasting
    67 | D        | Reached skill level 1 in Hexes
    67 | D        | Reached skill level 1 in Summonings
    67 | D        | Reached skill level 1 in Necromancy
    67 | D        | Reached skill level 1 in Translocations
    67 | D        | Reached skill level 1 in Transmutations
    67 | D        | Reached skill level 1 in Ice Magic
    67 | D        | Reached skill level 1 in Air Magic
    67 | D        | Reached skill level 1 in Earth Magic
    67 | D        | Reached skill level 1 in Poison Magic
    67 | D        | Reached XP level 2. HP: 23/23 MP: 6/8
    71 | D        | Entered arena 2.
    71 | D        | Noticed a naga
    71 | D        | Noticed a water moccasin
    71 | D        | Found a transporter.
    74 | D        | Killed a naga
    74 | D        | Reached * piety under Okawaru
    75 | D        | Reached skill level 5 in Stealth
    75 | D        | Reached XP level 3. HP: 29/29 MP: 6/10
    75 | D        | Reached XP level 4. HP: 35/35 MP: 7/12
    76 | D        | Killed a water moccasin
    76 | D        | Reached ** piety under Okawaru
    77 | D        | Reached XP level 5. HP: 42/42 MP: 9/14
   105 | D        | Entered arena 3.
   105 | D        | Noticed a hell hound
   105 | D        | Noticed a hell hound
   105 | D        | Noticed a hell hound
   105 | D        | Found a transporter.
   111 | D        | Killed a hell hound
   111 | D        | Killed a hell hound
   112 | D        | Reached skill level 5 in Fighting
   112 | D        | Reached skill level 5 in Short Blades
   112 | D        | Reached skill level 5 in Long Blades
   112 | D        | Reached skill level 5 in Axes
   112 | D        | Reached skill level 5 in Maces & Flails
   112 | D        | Reached skill level 5 in Polearms
   112 | D        | Reached skill level 5 in Staves
   112 | D        | Reached skill level 5 in Slings
   112 | D        | Reached skill level 5 in Bows
   112 | D        | Reached skill level 5 in Crossbows
   112 | D        | Reached skill level 5 in Throwing
   112 | D        | Reached skill level 5 in Armour
   112 | D        | Reached skill level 5 in Shields
   112 | D        | Reached skill level 5 in Unarmed Combat
   112 | D        | Reached skill level 5 in Invocations
   112 | D        | Reached skill level 5 in Evocations
   112 | D        | Reached XP level 6. HP: 29/51 MP: 16/16
   113 | D        | Killed a hell hound
   113 | D        | Reached *** piety under Okawaru
   114 | D        | Reached skill level 5 in Conjurations
   114 | D        | Reached XP level 7. HP: 31/56 MP: 17/17
   250 | D        | Entered arena 4.
   250 | D        | Found a transporter.
   267 | D        | Entered arena 5.
   267 | D        | Noticed a merfolk
   267 | D        | Noticed a merfolk
   267 | D        | Noticed a merfolk
   267 | D        | Noticed a merfolk
   267 | D        | Found a transporter.
   273 | D        | Killed a merfolk
   274 | D        | Reached skill level 5 in Hexes
   274 | D        | Reached skill level 5 in Summonings
   274 | D        | Reached skill level 5 in Necromancy
   274 | D        | Reached skill level 5 in Translocations
   274 | D        | Reached skill level 5 in Transmutations
   274 | D        | Reached skill level 5 in Ice Magic
   274 | D        | Reached skill level 5 in Air Magic
   274 | D        | Reached skill level 5 in Earth Magic
   274 | D        | Reached skill level 5 in Poison Magic
   278 | D        | Mangled by a merfolk

Illustrated notes

Levels and vault maps discovered:
D:        sprint_v [room_start, room_1, room_2, room_3, room_4, room_5, room_6,
          room_7, room_8, room_9, room_10, room_11, room_12, room_13, room_14,
          room_15, room_16, room_17, room_18, room_19, room_20, room_21,
          room_22, room_23, room_24, room_25, room_26, room_27]

Skill      XL: |  1  2  3  4  5  6  7 |
---------------+----------------------+-----
Fighting       | 2 3 4 5 6 |  6.0
Short Blades   | 2 3 4 5 6 |  6.0
Long Blades    | 2 3 4 5 6 |  6.0
Axes           | 2 3 4 5 6 |  6.0
Maces & Flails | 2 3 4 5 6 |  6.0
Polearms       | 2 3 4 5 6 |  6.0
Staves         | 2 3 4 5 6 |  6.0
Slings         | 2 3 4 5 6 |  6.0
Bows           | 2 3 4 5 6 |  6.0
Crossbows      | 2 3 4 5 6 |  6.0
Throwing       | 2 3 4 5 6 |  6.0
Armour         | 2 3 4 5 6 |  6.0
Dodging        | 5 6 7 |  7.6
Shields        | 2 3 4 5 6 |  6.0
Unarmed Combat | 2 3 4 5 6 |  6.0
Spellcasting   | 5 6 7 |  7.9
Conjurations   | 2 3 4 5 |  5.5
Hexes          | 1 2 3 4 5 |  5.0
Summonings     | 1 2 3 4 5 |  5.0
Necromancy     | 1 2 3 4 5 |  5.0
Translocations | 1 2 3 4 5 |  5.0
Transmutations | 1 2 3 4 5 |  5.0
Ice Magic      | 1 2 3 4 5 |  5.0
Air Magic      | 1 2 3 4 5 |  5.0
Earth Magic    | 1 2 3 4 5 |  5.0
Poison Magic   | 1 2 3 4 5 |  5.0
Invocations    | 2 3 4 5 6 |  6.6
Evocations     | 2 3 4 5 6 |  6.0
Stealth        | 5 6 7 |  7.4
Fire Magic     | 6 7 |  7.5

Action                   |  1- 3 |  4- 6 |  7- 9 || total
-------------------------+-------+-------+-------++-------
Melee: Double sword      |     1 |     8 |    14 ||    23
       Bite              |       |     2 |     2 ||     4
Invok: Heroism           |       |       |     1 ||     1
  Use: Potion            |     2 |       |       ||     2
 Stab: Sleeping          |     1 |     1 |       ||     2
Armor: Fire dragon scale |       |     6 |     2 ||     8
Dodge: Dodged            |       |     1 |     2 ||     3
Block: Kite shield       |       |    12 |    31 ||    43
